 Dungeon Crawl Stone Soup version 0.25-a0-265-g7af84ae (webtiles) character file.

Game seed: 14878112135578298669, levelgen mode: deterministic

485 Fuzzwah the Chopper (level 6, 0/56 HPs)
             Began as a Minotaur Berserker on Dec 8, 2019.
             Was an Elder of Trog.
             Killed by nerve-wracking pain
             ... invoked by Grinder
              (11 damage)
             ... on level 4 of the Dungeon.
             The game lasted 00:06:39 (2498 turns).

Fuzzwah the Chopper (Minotaur Berserker)            Turns: 2498, Time: 00:06:39

Health: 0/56       AC: 12    Str: 22    XL:     6   Next: 88%
Magic:  0/5        EV:  8    Int:  4    God:    Trog [****..]
Gold:   206        SH:  0    Dex: 11    Spells: 5/5 levels left

rFire    . . .     SeeInvis .   a - +1 hand axe
rCold    . . .     Gourm    .   (no shield)
rNeg     . . .     Faith    .   f - +0 plate armour
rPois    .         Spirit   +   (helmet restricted)
rElec    .         Reflect  .   (no cloak)
rCorr    .         Harm     .   (no gloves)
MR       .....                  (no boots)
Stlth    ..........             i - amulet of guardian spirit {Spirit}
HPRegen  0.18/turn              (no ring)
MPRegen  0.09/turn              (no ring)

@: no status effects
A: retaliatory headbutt, horns 2
a: Berserk, Trog's Hand, Brothers in Arms, Renounce Religion


You were on level 4 of the Dungeon.
You worshipped Trog.
Trog was greatly pleased with you.
You were not hungry.

You visited 1 branch of the dungeon, and saw 4 of its levels.

You collected 206 gold pieces.

Inventory:

Hand Weapons
 a - a +1 hand axe (weapon)
Missiles
 l - 2 curare-tipped darts
Armour
 b - a +0 animal skin
 f - a +0 plate armour (worn)
   (You found it on level 1 of the Dungeon)
Jewellery
 i - an amulet of guardian spirit (around neck) {Spirit}
   (You found it on level 2 of the Dungeon)
 r - an uncursed amulet of regeneration {+regen, !d}
   (You took it off a kobold on level 3 of the Dungeon)
Scrolls
 e - 2 scrolls of immolation {!r}
 h - 4 scrolls of identify {@r1}
 j - a scroll of blinking {unknown}
 k - 5 scrolls of remove curse {unknown}
 o - a scroll of amnesia {unknown}
 q - a scroll of enchant armour {unknown}
 s - 2 scrolls of fog {unknown}
 u - a scroll of noise {unknown}
Potions
 d - 6 potions of brilliance {unknown}
 g - 3 potions of curing {unknown}
 m - 2 potions of mutation {unknown}
 n - a potion of haste {unknown}
 p - a potion of heal wounds
Comestibles
 c - 5 rations


   Skills:
 + Level 5.0 Fighting
 * Level 6.1 Axes
 * Level 5.6 Armour
 + Level 3.8 Dodging


You had 5 spell levels left.
You didn't know any spells.
Your spell library was empty.

Dungeon Overview and Level Annotations

Branches:
Dungeon (4/15)
 Temple: D:4-7

Altars:
Ashenzari
Nemelex Xobeh
Sif Muna
Trog
Xom
The Shining One

Annotations:
D:4 Grinder


Innate Abilities, Weirdness & Mutations

You reflexively headbutt those who attack you in melee.
You have a pair of horns on your head.


Message History

You take 3 damage, and have 53/56 hp.
You hit the hobgoblin. You hit the dart slug.
The hobgoblin hits you but does no damage.
You hit the hobgoblin but do no damage. Your headbutt misses the hobgoblin.
Your plate armour prevents you from hitting the frilled lizard.
You hit the dart slug. The hobgoblin closely misses you.
The dart slug barely misses you. The frilled lizard closely misses you.
You hit the hobgoblin.
You kill the hobgoblin!
Trog accepts your kill.
You hit the dart slug.
You kill the dart slug!
Trog accepts your kill.
You hit the frilled lizard.
You kill the frilled lizard!
Trog accepts your kill.
You closely miss the quokka.
The quokka bites you but does no damage.
You hit the quokka but do no damage. You headbutt the quokka.
You kill the quokka!
Trog accepts your kill.
No target in view!
No target in view!
Things that are here:
a quokka corpse; a dart slug corpse
There is a fountain of sparkling water here.
You enter the shallow water.
Moving in this stuff is going to be slow.
There is a fountain of clear blue water here.
Things that are here:
a quokka corpse; a dart slug corpse You see here a +0 club.
There is a fountain of sparkling water here.
There is a fountain of clear blue water here.
There is a fountain of clear blue water here.
You enter the shallow water.
Moving in this stuff is going to be slow.
Found a stone staircase leading up.
Health restored: 56 You see here a giant cockroach corpse.
You open the door.
h - 4 scrolls of identify {@r1} (gained 1) Grinder comes into view.
Found a stone staircase leading down.
You closely miss Grinder. Your headbutt misses Grinder.
Grinder hits you but does no damage.
Your plate armour prevents you from hitting Grinder.
Your headbutt misses Grinder. Grinder hits you.
You take 1 damage, and have 55/56 hp.
You hit Grinder. Grinder hits you but does no damage.
Your plate armour prevents you from hitting Grinder.
Grinder hits you but does no damage.
Health restored: 56 You hit Grinder.
Grinder blinks!
You hit Grinder. You headbutt Grinder, but do no damage.
Grinder gestures at you. Pain shoots through your body!
You take 11 damage, and have 45/56 hp.
You now have 4/5 mp.
You slash Grinder!
Grinder drinks a potion.
Grinder is healed!
You barely miss Grinder. Grinder hits you but does no damage.
You hit Grinder but do no damage. Grinder hits you.
You writhe in agony.
You take 7 damage, and have 39/56 hp.
You hit Grinder. Your headbutt misses Grinder. Grinder completely misses you.
You furiously retaliate!
You headbutt Grinder. You hit Grinder. Your headbutt misses Grinder.
Grinder hits you.
You writhe in agony.
You take 7 damage, and have 32/56 hp.
You now have 2/5 mp.
You are too injured to fight recklessly!
You are too injured to fight recklessly!
Unknown command.
You hit Grinder. Your headbutt misses Grinder. Grinder gestures at you.
Pain shoots through your body!
You take 1 damage, and have 31/56 hp.
You closely miss Grinder. Grinder hits you but does no damage.
You closely miss Grinder. Your headbutt misses Grinder.
Grinder says, "Tell me all your secrets, or I'll kill you."
Grinder hits you.
You writhe in agony.
You take 3 damage, and have 28/56 hp.
You hit Grinder. You headbutt Grinder. Grinder hits you!
You writhe in agony.
You take 10 damage, and have 18/56 hp.
You now have 1/5 mp.
Your plate armour prevents you from hitting Grinder.
Grinder hits you but does no damage.
You barely miss Grinder. Your headbutt misses Grinder.
Grinder blinks!
You closely miss Grinder. Grinder hits you.
You closely miss Grinder. Grinder gestures at you.
Pain shoots through your body!
You take 1 damage, and have 17/56 hp.
You now have 1/5 mp.
You closely miss Grinder. Grinder gestures at you.
Pain shoots through your body!
* * * LOW HITPOINT WARNING * * *
You take 6 damage, and have 11/56 hp.
You now have 0/5 mp.
You slash Grinder! Your headbutt misses Grinder. Grinder gestures at you.
Pain shoots through your body!
You die...

#+## #.# #.....# #.#
#.########...### #.#
#.#..........#
#[####.#.##########
)...............>#
##..####.#######.# ##..# #.#
#.# #...# #.# #5# ..#.# #.#
#@# ....## #.# #.# .#...# #.#
#.# .#...###.#######.#
.................#
.####........#######..
.....................#
.#####...........#############
## #.#.###....##_..⌠#.#..#≈##


You could see Grinder.

Vanquished Creatures
  2 orc priests (D:4)
  4 hounds (D:4)
  An orc wizard (D:4)
  A worker ant (D:4)
  Robin (D:2)
  2 howler monkey skeletons
  A gnoll (D:3)
  9 adders
  An adder skeleton (D:4)
  A worm (D:3)
  5 dart slugs
  4 leopard geckos
  12 orcs
  6 giant cockroaches
  16 goblins
  11 hobgoblins
  5 jackals
  4 quokkas
  A ball python (D:2)
  7 bats
  7 frilled lizards
  9 kobolds
  A leopard gecko skeleton (D:4)
  6 rats
117 creatures vanquished.

Notes
Turn   | Place    | Note
-------+----------+-------------------------------------------
     0 | D:1      | Fuzzwah the Minotaur Berserker began the quest for the Orb.
     0 | D:1      | Reached XP level 1. HP: 19/19 MP: 0/0
   155 | D:1      | Reached XP level 2. HP: 19/27 MP: 1/1
   225 | D:1      | Reached skill level 4 in Axes
   371 | D:1      | Reached skill level 3 in Armour
   913 | D:2      | Reached XP level 3. HP: 28/33 MP: 2/2
   953 | D:2      | Reached ** piety under Trog
   987 | D:2      | Reached skill level 4 in Fighting
  1085 | D:2      | Found a shattered altar of Ashenzari.
  1192 | D:2      | Reached XP level 4. HP: 40/40 MP: 3/3
  1405 | D:2      | Noticed Robin
  1417 | D:2      | Reached skill level 4 in Armour
  1421 | D:2      | Killed Robin
  1421 | D:2      | Reached skill level 3 in Dodging
  1548 | D:3      | Found a sparkling altar of Nemelex Xobeh.
  1584 | D:3      | Reached XP level 5. HP: 42/46 MP: 4/4
  1617 | D:3      | Reached skill level 5 in Axes
  1709 | D:3      | Reached *** piety under Trog
  1711 | D:3      | Found a bloodstained altar of Trog.
  1720 | D:3      | Found a glowing golden altar of the Shining One.
  1975 | D:3      | Found a shimmering blue altar of Sif Muna.
  2098 | D:4      | Reached skill level 5 in Armour
  2098 | D:4      | Reached XP level 6. HP: 53/53 MP: 5/5
  2259 | D:4      | Reached **** piety under Trog
  2259 | D:4      | Reached skill level 6 in Axes
  2299 | D:4      | Reached skill level 5 in Fighting
  2396 | D:4      | Found a shimmering altar of Xom.
  2473 | D:4      | Noticed Grinder
  2497 | D:4      | HP: 11/56 [Grinder/nerve-wracking pain (6)]
  2498 | D:4      | Killed from afar by Grinder

Levels and vault maps discovered:
D:1:      zaba_arrival_water, layout_basic
D:2:      layout_loops_ring, evilmike_ruin_ashenzari, uniq_robin
D:3:      layout_rooms, lemuel_coloured_pillars_altar, lemuel_round_altar,
          lemuel_round_altar, marbit_many_paths, minmay_randomly_rotated_circles
D:4:      layout_basic, nicolae_overflow_hidden_temple, first_ration, tgw_xom,
          uniq_grinder

Skill      XL: |  1  2  3  4  5  6 |
---------------+-------------------+-----
Axes           | 4 5 6 |  6.1
Armour         | 3 4 5 |  5.6
Fighting       | 4 5 |  5.0
Dodging        | 3 |  3.8

Action                   |  1- 3 |  4- 6 || total
-------------------------+-------+-------++-------
Melee: Hand axe          |    77 |   199 ||   276
       Headbutt          |    11 |    29 ||    40
Invok: Berserk           |       |     2 ||     2
  Use: Scroll            |     2 |       ||     2
  Eat: Chunk             |       |     7 ||     7
Armor: Animal skin       |     1 |       ||     1
       Plate armour      |    40 |   123 ||   163
Dodge: Dodged            |    27 |    77 ||   104

Table legend:
 A = Non-vault XP
 B = Vault XP
 C = Vault XP percentage of total XP
 D = Non-vault monster count
 E = Vault monster count
 F = Vault count percentage of total count
                 A         B        C        D         E       F
            +---------+---------+-------+---------+---------+-------
      Total |     607 |      86 |  12.4 |      93 |      24 |  20.5
            +---------+---------+-------+---------+---------+-------
        D:1 |      40 |       0 |   0.0 |      23 |       0 |   0.0
        D:2 |      93 |      36 |  27.9 |      26 |      13 |  33.3
        D:3 |      81 |      41 |  33.6 |      18 |       7 |  28.0
        D:4 |     393 |       9 |   2.2 |      26 |       4 |  13.3
            +---------+---------+-------+---------+---------+-------

Levels and vault maps discovered:
D:1:      zaba_arrival_water, layout_basic
D:2:      layout_loops_ring, evilmike_ruin_ashenzari, uniq_robin
D:3:      layout_rooms, lemuel_coloured_pillars_altar, lemuel_round_altar,
          lemuel_round_altar, marbit_many_paths, minmay_randomly_rotated_circles
D:4:      layout_basic, nicolae_overflow_hidden_temple, first_ration, tgw_xom,
          uniq_grinder

Table legend:
 A = Turns spent in this place as a percentage of turns spent in the entire game.
 B = Non-inter-level travel turns spent in this place as a percentage of non-inter-level travel turns spent in the entire game.
 C = Inter-level travel turns spent in this place as a percentage of turns spent in this place.
 D = Turns resting spent in this place as a percentage of non-inter-level travel turns spent in this place.
 E = Turns spent auto-exploring this place as a percentage of non-inter-level travel turns spent in this place.
 F = Non-inter-level travel turns spent in this place divided by the number of levels of this place that you've seen.
                   A       B       C       D       E      F
               +-------+-------+-------+-------+-------+----------------------
         Total | 100.0 | 100.0 |   3.4 |   0.0 |  77.0 | 603.2
       Dungeon | 100.0 | 100.0 |   3.4 |   0.0 |  77.0 | 603.2
               +-------+-------+-------+-------+-------+----------------------

Table legend:
 A = Kills in this place as a percentage of kills in entire the game.
 B = Kills by you in this place as a percentage of kills by you in the entire game.
 C = Kills by friends in this place as a percentage of kills by friends in the entire game.
 D = Other kills in this place as a percentage of other kills in the entire game.
 E = Experience gained in this place as a percentage of experience gained in the entire game.
 F = Experience gained in this place divided by the number of levels of this place that you have seen.
                   A       B       C       D       E      F
               +-------+-------+-------+-------+-------+----------------------
         Total | 100.0 | 100.0 |   N/A |   N/A | 100.0 | 173.2
       Dungeon | 100.0 | 100.0 |   N/A |   N/A | 100.0 | 173.2
               +-------+-------+-------+-------+-------+----------------------
